 Dungeon Crawl Stone Soup version 0.26-a0-542-gbaa144ba5c (webtiles) character file.

Game seed: 3054753934687218591

(classic levelgen) 9219 EnegeticOcto the Cleaver (level 11, -20/84 HPs)
             Began as a Deep Dwarf Fighter on Aug 18, 2020.
             Was a Follower of Uskayaw.
             Killed from afar by an ogre mage (43 damage)
             ... with a crystal spear
             ... on level 2 of the Orcish Mines.
             The game lasted 00:09:44 (1846 turns).

EnegeticOcto the Cleaver (Deep Dwarf Fighter)       Turns: 1846, Time: 00:09:45

Health: -20/84     AC: 18    Str: 23    XL:     11   Next: 20%
Magic:  6/22 (13)  EV:  4    Int:  9    God:    Uskayaw [*.....]
Gold:   546        SH: 16    Dex: 18    Spells: 10/10 levels left

rFire    . . .     SeeInvis +   a - +1 war axe
rCold    . . .     Faith    .   p - +5 kite shield "Zaepegef" {*Slow MP+9 Dex+6 SInv}
rNeg     . . .     Spirit   .   n - +0 plate armour
rPois    .         Reflect  .   (helmet restricted)
rElec    .         Harm     .   (no cloak)
rCorr    .         Rnd*Tele +   t - +2 pair of gloves
MR       +....                  (no boots)
Stlth    ..........             (no amulet)
HPRegen  0.00/turn              m - +4 ring of protection
MPRegen  0.18/turn              f - ring of teleportation

@: mighty, very slightly contaminated, non-regenerating, slowed, invisible, very
slow
A: damage resistance, heal wounds, beak, frail 1, sense surroundings 2, no
regeneration
a: Heal Wounds, Stomp, Renounce Religion


You were on level 2 of the Orcish Mines.
You worshipped Uskayaw.
Uskayaw was aware of your devotion.
You visited 2 branches of the dungeon, and saw 12 of its levels.

You collected 546 gold pieces.

Inventory:

Hand Weapons
 a - a +1 war axe (weapon)
 D - a +4 morningstar
Armour
 b - a +0 scale mail
 c - a +0 kite shield
 n - a +0 plate armour (worn)
 p - the +5 kite shield "Zaepegef" (worn) {*Slow MP+9 Dex+6 SInv}
   (You found it on level 4 of the Dungeon)

   It affects your dexterity (+6).
   It affects your magic capacity (+9).
   It lets you see invisible.
   It may slow you when you take damage.
 t - a +2 pair of gloves (worn)
 y - a +0 chain mail
Jewellery
 e - an uncursed ring of stealth
 f - a ring of teleportation (right hand)
 m - a +4 ring of protection (left hand)
Scrolls
 h - a scroll of enchant armour
 i - 3 scrolls of remove curse {@r2}
 r - a scroll of teleportation {@r3 !r}
 u - a scroll of random uselessness
 v - 2 scrolls of amnesia
Potions
 d - a potion of might {@q3 !q}
 g - 2 potions of resistance {unknown}
 j - 2 potions of brilliance
 k - 2 potions of flight {unknown}
 l - 6 potions of curing {@q1 !q}
 o - 2 potions of haste {unknown}
 q - a potion of mutation
 w - a potion of magic {unknown}
 z - a potion of degeneration {unknown}
 A - a potion of stabbing {unknown}
 B - a potion of cancellation {unknown}


   Skills:
 - Level 5.0 Fighting
 * Level 14.5 Axes
 - Level 3.2 Armour
 + Level 6.1 Shields
 + Level 11.1 Invocations


You had 10 spell levels left.
You didn't know any spells.
Your spell library was empty.

Dungeon Overview and Level Annotations

Branches:
Dungeon (10/15)            Temple (0/1) D:6             Orc (2/2) D:10
    Elf (0/3) Orc:2
   Lair: D:8-11

Altars:
Uskayaw

Annotations:
Orc:2 Saint Roka


Innate Abilities, Weirdness & Mutations

You are resistant to damage.
You can heal yourself by infusing magical energy.
You passively map the area around you.
You do not regenerate.
You have a beak for a mouth.
You are frail. (-10% HP)


Message History

The orc no longer looks unusually strong.
You block the ogre's attack.
Okay, then.
You catch the helpless two-headed ogre completely off-guard!
You slash the two-headed ogre!
You kill the two-headed ogre!
Your plate armour prevents you from hitting the ogre.
You strike the helpless troll from behind!
You hit the troll.
The ogre shouts!
You hear two shouts!
The troll bites you. The troll barely misses you. The troll claws you!
You feel yourself slow down.
The ogre mage casts a spell at the ogre.
The ogre seems to speed up.
You hear a howl!
Press: ? - help, Shift-Dir - straight line, f - ogre mage
Aim: an ogre mage, wielding a +0 flail and wearing a +1 robe of magic resistance The ogre mage explodes violently!
The ogre is hit by a flying piece of the ogre mage!
Something is hit by a flying piece of the ogre mage!
The orc warrior is hit by a flying piece of the ogre mage! x2
Something is hit by a flying piece of the ogre mage!
You blow up the ogre mage!
Training target 5.0 for Fighting reached!
Your Fighting skill increases to level 5!
Your Shields skill increases to level 6!
Your Invocations skill increases to level 11!
You can no longer merge with and destroy a victim. 3 ogres, 2 two-headed ogres and an ogre mage come into view.
The two-headed ogre shouts in stereo!
The ogre shouts!
The two-headed ogre shouts in stereo!
The ogre shouts!
The orc shouts!
The ogre hits you with a +0 giant club.
An ogre mage comes into view. It is wielding a +0 spear.
The chaos spawn ululates chillingly with its many mouths.
The orc wizard gestures wildly while chanting.
The orc wizard flickers and vanishes for a moment.
The orc sorcerer casts a spell.
The ogre hits you but does no damage. You block the ogre mage's attack.
The ogre hits you with a +0 giant club! You block the orc warrior's attack.
The two-headed ogre hits you with a +0 giant spiked club.
The two-headed ogre hits you with a +0 dire flail.
The ogre mage casts a spell.
The ogre mage blinks!
The ogre mage hits you but does no damage.
The ogre mage moves out of view.
You stomp with the beat, sending a shockwave through the revelers around you!
The orc warrior is heavily wounded.
The ogre is severely wounded.
The ogre mage is moderately wounded.
The two-headed ogre is moderately wounded.
You kill the ogre!
You can no longer stomp with the beat.
The two-headed ogre shouts in stereo!
The smoke demon roars!
The ogre shouts!
The ogre mage casts a spell.
The ogre mage blinks!
You block the ogre's attack. You block the orc warrior's attack.
The warg bites you. You block the ogre mage's attack.
The ogre mage hits you but does no damage.
You can now stomp with the beat.
You can now pass through a line of other dancers.
You stomp with the beat, sending a shockwave through the revelers around you!
The orc warrior is almost dead.
The warg is moderately wounded.
You kill the ogre!
The ogre mage is severely wounded.
The two-headed ogre is moderately wounded.
You can no longer pass through a line of other dancers.
The smoke demon roars!
The two-headed ogre shouts in stereo!
The ogre shouts!
You block the warg's attack.
The orc warrior hits you but does no damage.
The orc sorcerer casts a spell.
The ogre mage hits you but does no damage.
You block the ogre mage's attack.
The two-headed ogre hits you with a +0 giant club!
The two-headed ogre hits you with a +0 giant club.
The orc priest barely misses you. The warg bites you!
You can now pass through a line of other dancers.
You stomp with the beat, sending a shockwave through the revelers around you!
The orc sorcerer is heavily wounded.
The warg is severely wounded.
The ice devil is heavily wounded.
The ogre mage is severely wounded.
The two-headed ogre is heavily wounded.
The orc priest is heavily wounded.
You can no longer pass through a line of other dancers.
The smoke demon roars!
The ogre shouts!
A two-headed ogre comes into view.
It is wielding a +0 giant club and a +0 great mace.
You block the warg's attack.
The ogre mage hits you but does no damage.
The ogre mage barely misses you. You block the orc priest's attack.
The two-headed ogre hits you with a +0 giant club.
The two-headed ogre hits you but does no damage.
The orc wizard hits you but does no damage.
The ice devil hits you. The ice devil freezes you!
* * * LOW HITPOINT WARNING * * *
The warg bites you.
* * * LOW HITPOINT WARNING * * *
The ogre mage gestures at you while chanting.
The crystal spear hits you!!!
Ouch! That really hurt!
You die...

, .##.#............#..#.
, ,
,................<..... ,
, .....O................
,,,
,,............###.......
#######OO.O....##......#
,
,.O...###..OoT.##.#......
, .......##OOO###,
....... , ,
..O..OoO#Ooo### , , ,


...OOOh@oooo3o#, , ,, ,,, , ...OOOO4ooOo4o.# , ,,........#OT.o....# ,
.......##oho...... , * * , , .....## #.o....... , ,,##### *.......... , , , , ,
..>......., , ,.... , , *, , , , , ,, , , You could see Saint Roka, 8 two-headed
ogres, 3 ogre magi, an ice devil (summoned), 2 trolls, a smoke demon (summoned,
wandering), a chaos spawn (summoned), 2 wargs, an orc sorcerer, 7 orc warriors,
5 ogres, an orc priest, 3 orc wizards and 4 orcs.

Vanquished Creatures
  Jorgrun (Orc:2)
  An ogre mage (Orc:2)
  5 two-headed ogres (Orc:2)
  Joseph (D:7)
  Eustachio (D:6)
  3 wargs
  Menkaure (D:7)
  5 orc warriors
  A hornet zombie (D:6)
  A phantom (D:9)
  An ice beast (D:9)
  2 sky beasts
  6 ogres
  2 centaurs (D:10)
  A crocodile (D:7)
  2 bullfrogs
  A wyvern zombie (D:6)
  A scorpion (D:5)
  A water moccasin skeleton (D:7)
  A howler monkey (D:7)
  7 wights
  A centaur zombie (D:10)
  2 quasits (D:8)
  2 hounds
  A bullfrog skeleton (D:8)
  2 orc priests
  2 jellies
  7 orc wizards
  Natasha (twice) (D:2)
  An iguana (D:6)
  Terence (D:2)
  5 worker ants
  A hound skeleton (D:4)
  2 worker ant zombies
  4 adders
  A shadow imp (D:10)
  A white imp (D:7)
  2 ufetubi (D:5)
  An ooze (D:5)
  2 worms
  A dart slug (D:1)
  A leopard gecko (D:3)
  18 orcs
  A bat (D:3)
  2 goblins
  2 hobgoblins (D:3)
  4 jackals (D:1)
  A kobold (D:2)
  2 quokkas
  2 frilled lizards
  A jackal zombie (D:7)
  A leopard gecko skeleton (D:5)
  A leopard gecko zombie (D:6)
  3 rats
125 creatures vanquished.

Notes
Turn   | Place    | Note
-------+----------+-------------------------------------------
     0 | D:1      | EnegeticOcto the Deep Dwarf Fighter began the quest for the
                  | Orb.
     0 | D:1      | Reached XP level 1. HP: 20/20 MP: 1/1
    26 | D:1      | Reached skill level 3 in Axes
    26 | D:1      | Reached XP level 2. HP: 25/27 MP: 2/2
    31 | D:2      | Noticed Natasha
    38 | D:2      | Killed Natasha
    38 | D:2      | Reached skill level 4 in Axes
    38 | D:2      | Reached XP level 3. HP: 24/33 MP: 3/3
    61 | D:2      | Noticed Natasha
    73 | D:2      | Noticed Terence
    78 | D:2      | Killed Terence
    80 | D:2      | Reached XP level 4. HP: 29/40 MP: 4/4
   110 | D:2      | Reached skill level 5 in Axes
   126 | D:2      | Killed Natasha
   254 | D:4      | Noticed an ogre
   273 | D:4      | Killed an ogre
   273 | D:4      | Reached skill level 6 in Axes
   273 | D:4      | Reached XP level 5. HP: 44/46 MP: 5/5
   305 | D:4      | Noticed an ogre
   321 | D:4      | Your magical essence is drained by the effort!
   322 | D:4      | Killed an ogre
   322 | D:4      | Reached skill level 7 in Axes
   322 | D:4      | Reached XP level 6. HP: 53/55 MP: 5/5
   371 | D:4      | Got a scorched kite shield
   390 | D:4      | Identified the +5 kite shield "Zaepegef" {*Slow MP+9 Dex+6
                  | SInv} (You found it on level 4 of the Dungeon)
   400 | D:4      | Found a hide-covered altar of Uskayaw.
   405 | D:4      | Became a worshipper of Uskayaw the Reveler
   452 | D:3      | Reached * piety under Uskayaw
   584 | D:5      | Entered Level 5 of the Dungeon
   631 | D:6      | Found a staircase to the Ecumenical Temple.
   653 | D:6      | Reached ** piety under Uskayaw
   654 | D:6      | Reached skill level 1 in Invocations
   655 | D:6      | Reached *** piety under Uskayaw
   657 | D:6      | Reached **** piety under Uskayaw
   671 | D:6      | Reached skill level 8 in Axes
   671 | D:6      | Reached skill level 2 in Invocations
   671 | D:6      | Reached XP level 7. HP: 56/61 MP: 7/7
   671 | D:6      | Reached ***** piety under Uskayaw
   683 | D:6      | Reached skill level 3 in Invocations
   687 | D:6      | Reached ****** piety under Uskayaw
   708 | D:7      | Noticed Joseph
   740 | D:7      | Killed Joseph
   740 | D:7      | Reached skill level 9 in Axes
   740 | D:7      | Reached skill level 4 in Invocations
   740 | D:7      | Reached XP level 8. HP: 48/68 MP: 10/10
   777 | D:6      | Reached skill level 5 in Invocations
   784 | D:6      | Noticed Eustachio
   796 | D:6      | Killed Eustachio
   796 | D:6      | Reached skill level 10 in Axes
  1031 | D:7      | Reached skill level 6 in Invocations
  1060 | D:7      | Noticed Menkaure
  1071 | D:7      | Killed Menkaure
  1074 | D:7      | Your magical essence is drained by the effort!
  1162 | D:7      | Reached skill level 11 in Axes
  1226 | D:8      | Reached skill level 7 in Invocations
  1256 | D:8      | Gained mutation: You passively map the area around you.
                  | [Deep Dwarf growth]
  1256 | D:8      | Reached XP level 9. HP: 63/74 MP: 12/12
  1513 | D:10     | Entered Level 10 of the Dungeon
  1538 | D:10     | Reached skill level 8 in Invocations
  1563 | D:10     | Reached skill level 12 in Axes
  1577 | D:10     | Found a staircase to the Orcish Mines.
  1587 | Orc:1    | Entered Level 1 of the Orcish Mines
  1588 | Orc:1    | Your magical essence is drained by the effort!
  1688 | Orc:1    | Reached skill level 9 in Invocations
  1716 | Orc:2    | Entered Level 2 of the Orcish Mines
  1757 | Orc:2    | Reached skill level 13 in Axes
  1812 | Orc:2    | Noticed a two-headed ogre
  1812 | Orc:2    | Noticed a two-headed ogre
  1813 | Orc:2    | Noticed a two-headed ogre
  1813 | Orc:2    | Found a staircase to the Elven Halls.
  1813 | Orc:2    | Noticed a two-headed ogre
  1813 | Orc:2    | Noticed a two-headed ogre
  1813 | Orc:2    | Noticed a two-headed ogre
  1814 | Orc:2    | Noticed a troll
  1818 | Orc:2    | Noticed a troll
  1818 | Orc:2    | Noticed Saint Roka
  1820 | Orc:2    | Noticed Jorgrun
  1822 | Orc:2    | Your magical essence is drained by the effort!
  1825 | Orc:2    | Noticed a two-headed ogre
  1826 | Orc:2    | Gained mutation: You are frail. (-10% HP) [potion of
                  | mutation]
  1826 | Orc:2    | Gained mutation: You have a beak for a mouth. [potion of
                  | mutation]
  1828 | Orc:2    | Your magical essence is drained by the effort!
  1832 | Orc:2    | Killed a two-headed ogre
  1832 | Orc:2    | Reached skill level 3 in Fighting
  1832 | Orc:2    | Reached XP level 10. HP: 39/75 MP: 12/12
  1834 | Orc:2    | Killed Jorgrun
  1834 | Orc:2    | Reached skill level 4 in Fighting
  1834 | Orc:2    | Reached skill level 5 in Shields
  1834 | Orc:2    | Reached skill level 10 in Invocations
  1834 | Orc:2    | Killed a two-headed ogre
  1834 | Orc:2    | Reached skill level 14 in Axes
  1835 | Orc:2    | Noticed a two-headed ogre
  1835 | Orc:2    | Noticed an orc sorcerer
  1836 | Orc:2    | Noticed a two-headed ogre
  1836 | Orc:2    | Noticed an ogre mage
  1839 | Orc:2    | Killed a two-headed ogre
  1839 | Orc:2    | Noticed an ogre mage
  1839 | Orc:2    | Noticed a two-headed ogre
  1840 | Orc:2    | Killed a two-headed ogre
  1840 | Orc:2    | Reached XP level 11. HP: 42/83 MP: 14/14
  1841 | Orc:2    | Your magical essence is drained by the effort!
  1842 | Orc:2    | Killed a two-headed ogre
  1843 | Orc:2    | Killed an ogre mage
  1843 | Orc:2    | Reached skill level 5 in Fighting
  1843 | Orc:2    | Reached skill level 6 in Shields
  1843 | Orc:2    | Reached skill level 11 in Invocations
  1843 | Orc:2    | Noticed a two-headed ogre
  1843 | Orc:2    | Noticed an ogre mage
  1843 | Orc:2    | Noticed a two-headed ogre
  1843 | Orc:2    | Noticed an ogre mage
  1846 | Orc:2    | Noticed a two-headed ogre
  1846 | Orc:2    | Killed from afar by an ogre mage

Illustrated notes

Levels and vault maps discovered:
D:1:      kennysheep_arrival_forest, layout_rooms, minmay_misc_feat_enclosed,
          grunt_decor_cap, bh_walls_and_bars
D:2:      minmay_chambers_of_twos, layout_loops_ring, wad_woods_river_04,
          minmay_misc_feat_secret_circle, uniq_natasha, uniq_terence
D:3:      layout_basic, serial_curves, eino_curves_03, eino_curves_03,
          minivault_14, minmay_tree_intersection, corexii_corridor_pit,
          guppyfry_early_lair_pool
D:4:      layout_cave_pods, old_standard_altar
D:5:      layout_basic, serial_shops, shop_fountains,
          nicolae_qazlal_eye_of_the_storm, uniq_duvessa
D:6:      minmay_chambers_of_sixes, layout_rooms, minmay_temple_entry_hall,
          serial_undead, serial_undead_a, serial_undead_b, serial_undead_c,
          serial_undead_f, uniq_eustachio
D:7:      layout_rooms, uniq_menkaure, uniq_joseph
D:8:      layout_gridville, nicolae_dithmenos_through_a_glass_darkly,
          uniq_psyche
D:9:      layout_basic, minmay_misc_feat_encased
D:10:     layout_irregular_city, due_lair_maze_entry_diamond, enter_trove_5,
          uniq_josephine, uniq_urug
Orc:1:    layout_caves
Orc:2:    st_orc_ogre_mass, layout_caves, serial_shops, nicolae_shop_trees,
          shop_coins, shop_fountains, uniq_jorgrun, uniq_azrael, uniq_saint_roka

Skill      XL: |  1  2  3  4  5  6  7  8  9 10 11 |
---------------+----------------------------------+-----
Axes           | 3 4 6 7 8 9 11 13 14 | 14.5
Invocations    | 2 4 7 9 10 11 | 11.1
Fighting       | 3 4 5 |  5.0
Shields        | 5 6 |  6.1
Armour         | |  3.2

Action                   |  1- 3 |  4- 6 |  7- 9 | 10-12 || total
-------------------------+-------+-------+-------+-------++-------
Melee: War axe           |    28 |   123 |   286 |     5 ||   442
       Peck              |       |       |       |     3 ||     3
Invok: Stomp             |       |       |     6 |     3 ||     9
       Grand Finale      |       |       |       |     1 ||     1
 Abil: Heal Wounds       |     1 |     9 |    14 |     3 ||    27
  Use: Scroll            |       |       |    10 |       ||    10
       Potion            |       |       |     3 |       ||     3
 Stab: Paralysed         |       |     2 |    26 |     6 ||    34
       Invisible         |       |       |     1 |     4 ||     5
Armor: Scale mail        |    24 |    55 |    38 |       ||   117
       Chain mail        |       |       |    56 |       ||    56
       Plate armour      |       |       |    16 |    12 ||    28
Dodge: Dodged            |    13 |    49 |    53 |     7 ||   122
Block: Kite shield       |    16 |    95 |   249 |    19 ||   379

Table legend: (Time is in decaauts)
 A = Elapsed time spent in this place.
 B = Non-inter-level travel time spent in this place.
 C = Inter-level travel time spent in this place.
 D = Time resting spent in this place.
 E = Time spent auto-exploring this place.
 F = Levels seen in this place.
 G = Mean time per level.
                   A        B        C        D        E       F      G
               +--------+--------+--------+--------+--------+-----+--------+
         Total |   1910 |   1862 |     48 |      0 |      0 |  12 |  159.2 |
       Dungeon |   1652 |   1604 |     48 |      0 |      0 |  10 |  165.2 |
  Orcish Mines |    258 |    258 |      0 |      0 |      0 |   2 |  129.0 |
               +--------+--------+--------+--------+--------+-----+--------+

Top non-repeatable levels by time:
     D:4: 281 daAuts
     D:7: 270 daAuts
     D:9: 243 daAuts
     D:2: 203 daAuts
     D:6: 189 daAuts
     D:5: 175 daAuts
   Orc:1: 140 daAuts
     D:3: 129 daAuts
   Orc:2: 117 daAuts
    D:10: 73 daAuts
     D:8: 53 daAuts
     D:1: 33 daAuts
